 Dungeon Crawl Stone Soup version 0.20.2-3-g29329e0561 (webtiles) character file.

143 Alfie the Skirmisher (level 5, -4/47 HPs)
             Began as a Hill Orc Fighter on Feb 13, 2023.
             Slain by a gnoll (5 damage)
             ... on level 4 of the Dungeon.
             The game lasted 00:04:21 (2023 turns).

Alfie the Skirmisher (Hill Orc Fighter)             Turns: 2023, Time: 00:04:21

Health: -4/47      AC:  8    Str: 20    XL:     5   Next: 25%
Magic:  5/5        EV:  7    Int:  8    God:
Gold:   109        SH:  9    Dex: 10    Spells: 4/4 levels left

rFire    . . .     SeeInvis .   a - +0 rapier
rCold    . . .     Gourm    .   c - +0 shield
rNeg     . . .     Faith    .   b - +0 scale mail
rPois    .         Spirit   .   o - +0 helmet
rElec    .         Reflect  .   (no cloak)
rCorr    .         Harm     .   (no gloves)
MR       .....                  (no boots)
Stlth    ..........             (no amulet)
Regen    0.2/turn               (no ring)
MPRegen  0.1/turn               (no ring)

@: no status effects
A: no striking features
a: no special abilities


You were on level 4 of the Dungeon.
You were not hungry.

You visited 1 branch of the dungeon, and saw 4 of its levels.

You collected 109 gold pieces.

Inventory:

Hand Weapons
 a - a +0 rapier (weapon)
Armour
 b - a +0 scale mail (worn)
 c - a +0 shield (worn)
 o - a +0 helmet (worn)
Jewellery
 j - an uncursed ring of flight {unknown}
Scrolls
 e - a scroll of fog {unknown}
 g - a scroll of amnesia {unknown}
 h - 2 scrolls of identify {unknown}
 k - 3 scrolls of teleportation {unknown}
 l - 2 scrolls of immolation {unknown}
Potions
 d - a potion of might
 i - a potion of ambrosia {unknown}
 m - a potion of heal wounds {unknown}
 p - a potion of haste {unknown}
Comestibles
 f - 5 bread rations


   Skills:
 + Level 4.4 Fighting
 + Level 3.2 Short Blades
 + Level 4.0 Armour
 + Level 0.8 Dodging
 + Level 4.2 Shields


You had 4 spell levels left.
You didn't know any spells.

Dungeon Overview and Level Annotations

Branches:
Dungeon (4/15)
 Temple: D:4-7

Altars:
Makhleb
Sif Muna
Yredelemnul


Message History

You block the gnoll's attack. You block the bat's attack.
The gnoll hits you but does no damage.
Things that are here:
a halberd; a gnoll corpse You hit the gnoll.
The gnoll is heavily wounded.
You block the bat's attack. The gnoll hits you with a halberd.
* * * LOW HITPOINT WARNING * * *
The gnoll hits you but does no damage.
You puncture the gnoll!
You kill the gnoll!
The bat barely misses you. The gnoll hits you.
* * * LOW HITPOINT WARNING * * *
You block the bat's attack.
You see here a halberd.
The bat hits you but does no damage.
You barely miss the gnoll.
The gnoll is heavily wounded.
The gnoll hits you.
You die...

## .###... ..
...... .# ....#
####.# #....
....##... #.#.##
#........
#....###@#
##.....##g#
##...<...#b###..#
#........$)>....#
#?.....[..###.#.#
#.........# #
##...........
........####..
#.##.....# .#


You could see a gnoll and a bat.

Vanquished Creatures
  Jessica (D:2)
  3 adders
  3 gnolls (D:4)
  A worm (D:3)
  A dart slug (D:3)
  3 leopard geckos
  An orc (D:3)
  8 bats
  5 giant cockroaches
  4 hobgoblins
  2 jackals (D:3)
  A quokka (D:3)
  2 frilled lizards
  10 goblins
  4 kobolds
  5 rats
54 creatures vanquished.

Notes
Turn   | Place    | Note
-------+----------+-------------------------------------------
     0 | D:1      | Alfie the Hill Orc Fighter began the quest for the Orb.
     0 | D:1      | Reached XP level 1. HP: 19/19 MP: 1/1
   181 | D:1      | Reached XP level 2. HP: 21/27 MP: 2/2
   800 | D:2      | Reached XP level 3. HP: 28/33 MP: 3/3
   936 | D:2      | Noticed Jessica
   945 | D:2      | Killed Jessica
   945 | D:2      | Reached XP level 4. HP: 19/40 MP: 4/4
  1218 | D:3      | Found a burning altar of Makhleb.
  1514 | D:3      | Found a deep blue altar of Sif Muna.
  1584 | D:3      | Found a basalt altar of Yredelemnul.
  2009 | D:4      | Reached XP level 5. HP: 33/47 MP: 5/5
  2018 | D:4      | HP: 2/47 [gnoll/halberd (4)]
  2023 | D:4      | Slain by a gnoll

Skill      XL: |  1  2  3  4 |
---------------+-------------+-----
Fighting       | 4 |  4.4
Shields        | 4 |  4.2
Armour         | 4 |  4.0
Short Blades   | 3 |  3.2
Dodging        | |  0.8

Action                   |  1- 3 |  4- 6 || total
-------------------------+-------+-------++-------
Melee: Rapier            |   111 |    74 ||   185
  Eat: Royal jelly       |       |     2 ||     2
       Chunk             |       |     1 ||     1
Armor: Scale mail        |    52 |    53 ||   105
Dodge: Dodged            |    35 |    37 ||    72
Block: Shield            |    69 |    56 ||   125
